 Dungeon Crawl Stone Soup version 0.31-a0-38-g1548c4f2a5 (webtiles) character file.

Game seed: 12652259866533786607

98 pokeman the Magician (level 4, -2/25 HPs)
             Began as a Deep Elf Hedge Wizard on May 17, 2023.
             Killed by miscasting Mephitic Cloud (8 damage)
             ... on level 3 of the Dungeon.
             The game lasted 00:05:43 (2433 turns).

pokeman the Magician (Deep Elf Hedge Wizard)        Turns: 2433, Time: 00:05:44

Health: -2/25      AC:  2    Str:  7    XL:     4   Next: 43%
Magic:  2/22       EV: 12    Int: 19    God:
Gold:   18         SH:  0    Dex: 14    Spells: 6/14 levels left

rFire   . . .        a - +0 dagger
rCold   . . .        (no shield)
rNeg    + . .        l - +0 robe "Foeneodgh" {Fly rN+ Int-2}
rPois   .            c - +0 hat
rElec   .            (no cloak)
rCorr   .            (no gloves)
SInv    .            (no boots)
Will    .....        (no amulet)
Stlth   ++           h - ring of magical power
HPRegen 0.24/turn    (no ring)
MPRegen 0.18/turn

%: no passive effects
@: lethally poisoned (-2 -> -6), flying, very slightly contaminated
A: no striking features
a: no special abilities


You were on level 3 of the Dungeon.
You visited 1 branch of the dungeon, and saw 3 of its levels.

You collected 148 gold pieces.
You spent 130 gold pieces at shops.

Inventory:

Hand Weapons
 a - a +0 dagger (weapon)
Missiles
 s - 2 throwing nets
Armour
 c - a +0 hat (worn)
 l - the +0 robe "Foeneodgh" (worn) {Fly rN+ Int-2}
   (You found it on level 2 of the Dungeon)

   Int:       It affects your intelligence (-2).
   rN:        It protects you from negative energy.
   Fly:       It grants you flight.
Jewellery
 h - a ring of magical power (left hand)
Scrolls
 b - a scroll of noise {unknown}
 f - 2 scrolls of enchant weapon {unknown}
 g - 5 scrolls of identify
 j - a scroll of magic mapping {unknown}
 o - a scroll of enchant armour {unknown}
 p - a scroll of teleportation
 t - a scroll of immolation {unknown}
Potions
 d - a potion of magic
 e - a potion of flight {unknown}
 i - a potion of curing
 k - 2 potions of resistance {unknown}
 m - 2 potions of mutation {unknown}
 n - a potion of berserk rage {unknown}
 q - a potion of heal wounds
 r - a potion of attraction {unknown}


   Skills:
 - Level 1.1 Fighting
 - Level 1.0 Armour
 + Level 2.6 Dodging
 + Level 2.6 Stealth
 * Level 5.7 Spellcasting
 + Level 2.2 Conjurations
 - Level 1.1 Summonings
 - Level 1.1 Translocations


You had 6 spell levels left.
You knew the following spells:

 Your Spells              Type           Power      Damage    Failure   Level
a - Magic Dart            Conj           56%        1d5       4%          1
b - Mephitic Cloud        Conj/Pois/Air  8%         N/A       26%         3
c - Call Imp              Summ           18%        N/A       11%         2
d - Blink                 Tloc           18%        N/A       11%         2

Your spell library contained the following spells:

 Spells                   Type           Power      Damage    Failure   Level
 Kiss of Death            Conj/Necr      36%        2d8       8%          1
 Slow                     Hex            20%        N/A       12%         1
 Cigotuvi's Dreadful Rot  Necr/Pois/Air  10%        N/A       17%         2
 Confusing Touch          Hex            5%         N/A       34%         3
 Dispel Undead            Necr           5%         3d7       75%         4


Dungeon Overview and Level Annotations

Branches:
Dungeon (3/15)

Altars:
Sif Muna
Zin

Shops:
D:1 [![?


Message History

Deactivating autopickup; reactivate with Ctrl-A.
The bat is engulfed in noxious fumes.
The bat appears confused.
You closely miss something.
You are engulfed in noxious fumes.
You choke on the stench!
You are more confused.
The bat is engulfed in noxious fumes.
The bat appears confused.
The bat is engulfed in noxious fumes.
The bat appears confused.
The bat flutters around in erratic circles.
The bat is engulfed in noxious fumes.
The bat appears confused.
The bat is engulfed in noxious fumes.
The bat appears confused.
The bat is engulfed in noxious fumes.
The bat appears confused.
The bat closely misses you.
You feel less confused.
The bat is engulfed in noxious fumes.
The bat appears confused.
Something hits you.
You barely miss something. The bat barely misses you.
The bat closely misses you.
The bat hits itself.
You catch the helpless bat completely off-guard!
You puncture the bat!
You kill the bat!
You closely miss something. Something hits you.
You closely miss something. Something hits you.
You hit something but do no damage. You hit something. Something hits you.
You barely miss something. You closely miss something. Something hits you.
You hit something. Something hits you.
* * * LOW HITPOINT WARNING * * *
Casting: Mephitic Cloud (extremely dangerous; 26% risk of failure)
Confirm with . or Enter, or press ? or * to list all spells.
The spell is extremely dangerous to miscast (26% risk of failure)!
Continue anyway?
Aiming: Mephitic Cloud (extremely dangerous; 26% risk of failure)
Press: ? - help, Shift-Dir - straight line You miscast Mephitic Cloud.
You are very lightly contaminated with residual magic.
You feel odd!
You are poisoned.
You die...

#.# #.# .......# ###.#### #.#
....<.### #......## #.#
####..#...### . #.....#
#.####........#....
.######.....###...............###
.).).................# #.........
##.###...........##### #.........
#...#####.#####..# #.#.#.####
#...# #.# #.@# #.#.#.# #...###
... #..# #.....# ## ......#.._..
#.{# ##..>..###. ......#.....#
#..# ###.......##.
......#######....# ##............
#......##.# ####.###..........##.
..........# #......<......###.
#....#.##.# #####...##....# #.
##.#.#.##.# ##.####.#.# #.


There were no monsters in sight!

Vanquished Creatures
  3 adders (D:3)
  2 worms
  3 orcs (D:3)
  6 bats
  6 endoplasms (D:1)
  2 giant cockroaches (D:2)
  3 goblins
  5 hobgoblins
  2 jackals (D:2)
  6 kobolds
  4 quokkas
  8 ball pythons
  2 frilled lizards
  3 rats
55 creatures vanquished.

Notes
Turn   | Place    | Note
-------+----------+-------------------------------------------
     0 | D:1      | pokeman the Deep Elf Hedge Wizard began the quest for the
                  | Orb.
     0 | D:1      | Reached XP level 1. HP: 10/10 MP: 7/7
   348 | D:1      | Reached XP level 2. HP: 16/16 MP: 6/9
   480 | D:1      | Found Ygaudoyr's Antique Armour Shoppe.
   686 | D:1      | Found Qasiff's Distillery.
   691 | D:1      | Found Deis's Antique Armour Boutique.
   694 | D:1      | Bought a potion of curing for 30 gold pieces
   868 | D:1      | Found Degg's Magic Scroll Boutique.
   876 | D:1      | Bought a scroll of identify for 20 gold pieces
  1061 | D:1      | Reached skill level 5 in Spellcasting
  1211 | D:1      | Reached XP level 3. HP: 17/20 MP: 10/11
  1215 | D:1      | Learned a level 3 spell: Mephitic Cloud
  1218 | D:1      | Learned a level 2 spell: Call Imp
  1221 | D:1      | Learned a level 2 spell: Blink
  1313 | D:2      | Identified the +0 robe "Foeneodgh" {Fly rN+ Int-2}
  1603 | D:2      | Reached skill level 1 in Fighting
  1657 | D:2      | Found a shimmering blue altar of Sif Muna.
  1926 | D:1      | Bought a scroll of teleportation for 30 gold pieces
  1953 | D:1      | Bought a potion of heal wounds for 50 gold pieces
  2014 | D:3      | Found a shimmering blue altar of Sif Muna.
  2055 | D:3      | Reached skill level 1 in Armour
  2105 | D:3      | Reached XP level 4. HP: 25/25 MP: 13/13
  2394 | D:3      | Found a glowing silver altar of Zin.
  2433 | D:3      | Killed by miscasting Mephitic Cloud

Illustrated notes

Levels and vault maps discovered:
D:1:      dpeg_arrival_renting, layout_loops_ring, serial_shops, shop,
          shop_fountains, nicolae_shop_statue_plus, shop
D:2:      layout_rooms, basic_altar
D:3:      minmay_angry_zag, layout_loops_ring, mainiacjoe_overflow_alcove_2,
          nicolae_uskayaw_dance_hall, mainiacjoe_overflow_chevrons

Skill      XL: |  1  2  3 |
---------------+----------+-----
Spellcasting   | 5 |  5.7
Fighting       | 1 |  1.1
Conjurations   | 2 |  2.2
Armour         | 1 |  1.0
Dodging        | |  2.6
Stealth        | |  2.6
Summonings     | |  1.1
Translocations | |  1.1

Action                     |  1- 3 |  4- 6 || total
---------------------------+-------+-------++-------
  Melee: Dagger            |     3 |    13 ||    16
   Cast: Magic Dart        |   125 |    39 ||   164
         Mephitic Cloud    |       |     2 ||     2
         Call Imp          |       |     1 ||     1
   Stab: Confused          |       |     1 ||     1
 Armour: Robe              |     7 |     9 ||    16
  Dodge: Dodged            |    19 |    24 ||    43

Table legend: (Time is in decaauts)
 A = Elapsed time spent in this place.
 B = Non-inter-level travel time spent in this place.
 C = Inter-level travel time spent in this place.
 D = Time resting spent in this place.
 E = Time spent auto-exploring this place.
 F = Levels seen in this place.
 G = Mean time per level.
                   A        B        C        D        E       F      G
               +--------+--------+--------+--------+--------+-----+--------+
         Total |   2433 |   2345 |     88 |     67 |   1875 |   3 |  811.0 |
       Dungeon |   2433 |   2345 |     88 |     67 |   1875 |   3 |  811.0 |
               +--------+--------+--------+--------+--------+-----+--------+

Top non-repeatable levels by time:
     D:1: 1314 daAuts
     D:2: 648 daAuts
     D:3: 470 daAuts
